Selects Special Operations Battlegroup
Construct Weapon Support Center
Mechanized Support Center
Selects M29 Weasel with M1 Pack Howitzer
M29 Weasel with M1 Pack Howitzer
M3 Armored Personnel Carrier
M3 Armored Personnel Carrier
Selects P-47 Anti-Infantry Loiter
Selects UNKNOWN (2162291)
M1918 Browning Automatic Rifles
Designate Forward Repair Station
M18 Hellcat Tank Destroyer
Selects SSF Commando Squad
M4A1(76) Sherman Medium Tank
Selects Assault Operation
Designate Forward Repair Station
Construct Medical Station
M4A1(76) Sherman Medium Tank
Designate Forward Repair Station
M4A1(76) Sherman Medium Tank
M4A1(76) Sherman Medium Tank
P-47 Anti-Infantry Loiter
M4A1(76) Sherman Medium Tank
M4A1(76) Sherman Medium Tank
M4A1(76) Sherman Medium Tank
Designate Forward Repair Station
Improved M9 Bazooka Rockets